Map: Orbital Shipyard

Players

MorN

  • Race: Terran Terran
  • League: Master

Apocalypse - Winner!

  • Race: Protoss Protoss
  • League: Master

VOD

Have the link to the VOD?

Description

Time

  • Played on: Dec. 6, 2015, 12:13 a.m.
  • Length: 17:31
Show
View Real Time Build Order
Export as new Build Order

MorN Terran 

Build Orders: MMM Bio 

Get SALT Encoding   

  12  0:00  SCV  
  13  0:13  SCV  
  14  0:17  Supply Depot  
  14  0:25  SCV  
  15  0:39  SCV  
  15  0:40  Barracks  
  16  0:46  Refinery  
  16  0:51  SCV  
  17  1:03  SCV  
  18  1:15  SCV  
  19  1:27  Marine  
  19  1:29  Orbital Command  
  20  1:43  Command Center  
  20  1:53  Factory  
  20  1:58  SCV  
  21  2:04  Supply Depot  
  21  2:10  SCV  
  21  2:11  Marine  
  23  2:26  SCV  
  24  2:32  Marine  
  24  2:36  Engineering Bay  
  25  2:37  Refinery  
  25  2:38  Barracks  
  25  2:42  Widow Mine  
  27  2:47  SCV  
  28  2:52  Marine  
  29  3:00  Orbital Command  
  29  3:04  Terran Infantry Weapons Level 1  
  29  3:08  SCV  
  29  3:12  Factory Tech Lab  
  30  3:13  Marine  
  31  3:30  SCV x2  
  33  3:40  Barracks  
  33  3:42  SCV x2  
  33  3:43  Factory Reactor  
  33  3:45  Stimpack  
  35  3:51  Barracks Tech Lab  
  35  3:54  Marine  
  35  3:55  SCV  
  37  4:02  SCV  
  38  4:05  Supply Depot  
  38  4:07  SCV  
  39  4:14  Supply Depot, SCV  
  39  4:16  Combat Shields, Marauder x2  
  44  4:19  SCV  
  45  4:26  SCV, Starport  
  45  4:29  Factory Reactor  
  45  4:31  SCV  
  47  4:38  SCV  
  47  4:41  Supply Depot  
  47  4:43  SCV  
  47  4:44  Marine  
  47  4:45  Marauder, Marine  
  53  4:51  SCV  
  54  4:55  SCV, Marine  
  56  5:02  Marine  
  56  5:03  SCV  
  56  5:06  Marauder  
  58  5:10  SCV  
  59  5:14  Command Center, Refinery  
  59  5:15  Factory Reactor, Medivac  
  59  5:17  Viking  
  63  5:22  Supply Depot  
  63  5:24  Marine x2  
  63  5:28  SCV x2  
  67  5:35  Terran Infantry Armor Level 1  
  67  5:37  Refinery  
  67  5:40  SCV  
  68  5:52  Widow Mine, Marine x2  
  68  5:53  Marauder x2  
  68  5:54  SCV x2  
  78  5:57  Supply Depot  
  78  5:59  Supply Depot  
  78  6:09  Supply Depot  
  78  6:10  Supply Depot  
  78  6:18  SCV x2, Medivac x2, Engineering Bay, Marine x2  
  78  6:21  Marauder  
  78  6:22  Armory  
  88  6:30  SCV  
  89  6:35  Marine  
  89  6:36  Marine  
  91  6:40  Marine  
  91  6:42  Marauder  
  94  6:53  Medivac x2  
  94  6:54  Marauder, Marine  
  99  7:04  Marauder  
  99  7:06  Marine  
  101  7:12  Marine  
  101  7:13  Terran Infantry Weapons Level 2  
  101  7:14  Barracks  
  101  7:15  Marine  
  103  7:16  Barracks  
  99  7:24  Marine  
  99  7:25  Marauder  
  99  7:29  Marine  
  98  7:32  Widow Mine x2  
  98  7:33  Marauder, Medivac  
  105  7:37  Orbital Command  
  105  7:39  SCV  
  105  7:40  SCV  
  105  7:42  Marine  
  108  7:46  Marine  
  108  7:47  Marine  
  108  7:48  Medivac  
  108  7:51  SCV  
  113  7:52  SCV  
  113  7:54  Marauder  
  116  8:00  Marine  
  116  8:03  Supply Depot, SCV  
  116  8:04  Marine  
  116  8:05  Widow Mine x2, Marine  
  119  8:06  Supply Depot, Barracks Tech Lab  
  119  8:07  Barracks Reactor  
  123  8:16  Marauder  
  125  8:23  Supply Depot  
  125  8:24  SCV, Medivac x2, Marine x3  
  125  8:27  SCV  
  133  8:33  Marine  
  133  8:34  Widow Mine x2  
  125  8:37  Marauder  
  125  8:40  Liberator  
  130  8:42  Marine x3  
  130  8:45  Marine x2  
  131  8:51  Marauder  
  129  8:58  SCV x2  
  129  8:59  Marauder  
  129  9:00  Marine x3  
  129  9:02  Marine, Widow Mine x2  
  137  9:03  SCV, Marine  
  137  9:04  Command Center, Barracks x2  
  137  9:06  Refinery  
  137  9:07  Barracks  
  143  9:10  SCV  
  143  9:11  SCV  
  143  9:13  Marauder  
  147  9:17  Marine x2  
  149  9:27  Terran Infantry Armor Level 2  
  149  9:31  Refinery  
  149  9:33  SCV  
  149  9:34  Marine  
  149  9:36  Marine  
  149  9:46  Terran Infantry Weapons Level 3  
  149  9:59  Marine x5, Widow Mine  
  149  10:00  SCV, Marauder  
  149  10:15  Barracks Tech Lab, Starport  
  149  10:16  Marauder, SCV x2, Medivac x2, Marine x2  
  149  10:18  Marauder  
  161  10:24  Marine x2  
  164  10:28  SCV  
  164  10:37  Marauder, Marine x2  
  164  10:38  Marauder  
  164  10:39  Supply Depot, Marauder  
  164  10:40  Supply Depot x2  
  164  10:41  Supply Depot  
  171  10:42  Fusion Core  
  171  10:44  Marine  
  171  10:49  Planetary Fortress, Missile Turret  
  172  11:00  Marine, Widow Mine, Marauder  
  172  11:01  Marauder x3, Widow Mine, Marine x2  
  172  11:02  Marine x2  
  181  11:07  Liberator x2  
  181  11:09  Marine  
  180  11:18  Marine x3  
  180  11:20  Starport Tech Lab  
  180  11:21  Marauder  
  180  11:22  Marine x2  
  180  11:23  Marauder x3  
  197  11:26  SCV  
  180  11:52  Marine x2  
  180  11:53  Marauder  
  173  11:55  Marine x2  
  173  11:56  Marauder  
  166  12:03  Marine x2  
  166  12:04  Advanced Ballistics, Marauder x2  
  166  12:07  Medivac x2  
  176  12:10  Supply Depot  
  176  12:11  Marine x2  
  176  12:12  Liberator  
  176  12:14  Marauder  
  180  12:27  Refinery, Marine x2  
  180  12:28  Liberator, Refinery, Marauder x3  
  188  12:30  Barracks Reactor, Barracks Tech Lab  
  188  12:32  Terran Infantry Armor Level 3, Terran Vehicle Weapons Level 1  
  191  12:40  Marine x2  
  191  12:41  Marauder  
  193  12:45  Marine x2  
  193  12:49  Marauder  
  194  12:52  Widow Mine x2  
  194  12:53  Liberator  
  194  12:54  Marine x2  
  194  12:55  Liberator  
  199  13:00  Marine  
  199  13:01  Marauder, Marine  
  180  13:06  Marauder, Marine x2  
  180  13:09  Marine x2  
  180  13:11  Marauder  
  184  13:13  Marauder x2  
  184  13:18  Marine x2  
  178  13:20  Widow Mine x2  
  178  13:22  Liberator  
  178  13:23  Marine, Marauder  
  178  13:24  Marine  
  178  13:26  Marine  
  178  13:27  Marine  
  184  13:28  Marauder  
  184  13:32  Marauder  
  184  13:33  Command Center  
  184  13:34  Marauder, Marine  
  189  13:36  Liberator, Marine  
  189  13:38  Marine  
  189  13:40  Command Center  
  185  13:49  Liberator  
  185  13:55  Marine x3  
  183  13:56  Marauder  
  183  13:57  Marauder, Marine x2  
  187  14:03  Marine x2  
  187  14:04  Marauder  
  187  14:07  Ghost Academy  
  194  14:14  Marine x2  
  194  14:15  Marauder  
  200  14:17  Marauder  
  200  14:31  Liberator  
  181  14:46  Marine x2, Liberator  
  181  14:47  Marauder, Widow Mine, Marine x4  
  181  14:48  Marauder x2  
  198  14:53  Personal Cloaking  
  196  15:02  Marine x2  
  184  15:30  Marine x3  
  184  15:31  Marauder  
  189  15:39  Marine x2  
  189  15:40  Marauder  
  189  15:41  Marauder, Marine x2  
  192  15:47  Marine  
  192  15:48  Marine  
  187  15:52  Marauder  
  187  15:56  Marine x2  
  191  15:57  Marine  
  191  15:59  Marauder  
  191  16:01  Marine x2  
  191  16:02  Marauder  
  195  16:16  Marine x2  
  195  16:17  Marauder  
  180  16:21  Marauder, Marine x3  
  180  16:22  Marauder x2  
  180  16:23  Marine x2  
  161  16:27  Liberator  
  161  16:37  Planetary Fortress  
  161  16:38  Marauder  
  161  16:44  Medivac x2  
  152  16:47  Marine x2  
  152  16:48  Marauder  
  156  16:56  Marine x2  
  156  16:57  Marauder  
  160  17:02  Command Center  
Show
View Real Time Build Order
Export as new Build Order

Apocalypse Protoss - Winner!

Build Orders: 1 Gate Expand 

Get SALT Encoding   

  12  0:01  Probe (Chrono Boost)  
  13  0:11  Probe (Chrono Boost)  
  14  0:18  Pylon  
  14  0:22  Probe (Chrono Boost)  
  15  0:36  Probe (Chrono Boost)  
  15  0:38  Gateway  
  16  0:44  Assimilator  
  16  0:47  Probe (Chrono Boost)  
  17  0:57  Probe (Chrono Boost)  
  18  1:08  Probe (Chrono Boost)  
  19  1:18  Probe (Chrono Boost)  
  19  1:22  Nexus  
  20  1:29  Probe (Chrono Boost)  
  21  1:36  Cybernetics Core  
  22  1:40  Probe (Chrono Boost)  
  22  1:46  Pylon  
  22  1:50  Probe (Chrono Boost)  
  23  1:55  Assimilator  
  23  2:05  Probe (Chrono Boost)  
  24  2:13  Adept, Warp Gate  
  26  2:17  Mothership Core (Chrono Boost)  
  28  2:26  Forge  
  28  2:35  Probe x2 (Chrono Boost)  
  30  2:40  Adept  
  32  2:45  Probe (Chrono Boost)  
  32  2:46  Probe (Chrono Boost)  
  34  2:56  Probe x2 (Chrono Boost)  
  36  3:06  Probe x2 (Chrono Boost)  
  36  3:07  Adept (Chrono Boost)  
  36  3:11  Protoss Ground Armor Level 1 (Chrono Boost)  
  40  3:13  Robotics Facility  
  40  3:16  Probe  
  41  3:26  Probe  
  41  3:27  Probe  
  43  3:34  Adept (Chrono Boost)  
  43  3:41  Probe  
  43  3:42  Probe  
  43  3:44  Pylon  
  43  3:45  Pylon  
  45  3:49  Gateway  
  45  3:52  Gateway  
  45  3:56  Probe  
  45  4:01  Observer (Chrono Boost)  
  47  4:03  Probe  
  47  4:06  Assimilator  
  48  4:11  Assimilator  
  48  4:15  Pylon  
  48  4:16  Immortal  
  48  4:18  Probe  
  48  4:19  Probe  
  48  4:22  Sentry  
  56  4:30  Probe  
  56  4:31  Probe  
  58  4:38  Twilight Council  
  58  4:50  Stalker x3  
  58  4:51  Warp Prism  
  65  5:02  Protoss Ground Armor Level 2 (Chrono Boost)  
  65  5:05  Probe x2  
  67  5:10  Nexus  
  67  5:12  Pylon  
  67  5:14  Pylon  
  67  5:16  Resonating Glaives (Chrono Boost)  
  67  5:29  Probe x2  
  67  5:31  Immortal  
  73  5:39  Adept x2  
  77  5:43  Pylon  
  77  5:47  Stalker, Pylon  
  77  5:49  Probe  
  80  5:55  Pylon  
  80  5:59  Probe  
  80  6:01  Sentry x2, Probe  
  86  6:11  Probe, Immortal  
  87  6:13  Sentry, Probe  
  94  6:22  Probe  
  94  6:23  Probe  
  96  6:25  Probe  
  96  6:26  Sentry x2  
  96  6:32  Gateway  
  101  6:34  Gateway  
  101  6:35  Probe  
  101  6:36  Probe  
  103  6:40  Adept  
  103  6:43  Probe  
  103  6:45  Probe  
  106  6:51  Adept x2  
  108  7:04  Protoss Ground Armor Level 3  
  106  7:10  Probe  
  106  7:11  Probe x2  
  106  7:13  Assimilator  
  106  7:15  Assimilator  
  109  7:21  Stalker x3  
  115  7:24  Immortal  
  118  7:32  Probe x2  
  118  7:34  Probe  
  121  7:43  Adept x2  
  125  7:49  Pylon  
  125  7:51  Pylon  
  125  7:52  Photon Cannon  
  125  7:54  Pylon x2  
  125  7:55  Photon Cannon  
  125  7:56  Probe  
  120  8:00  Adept x2  
  124  8:09  Immortal, Blink (Chrono Boost)  
  124  8:12  Adept x3  
  134  8:18  Probe  
  134  8:19  Probe x2  
  128  8:34  Stalker  
  128  8:35  Stalker x4  
  126  8:59  Adept x5  
  126  9:00  Immortal  
  136  9:14  Pylon  
  136  9:17  Pylon  
  136  9:18  Pylon  
  136  9:21  Gateway  
  136  9:24  Gateway  
  136  9:25  Gateway  
  136  9:28  Gateway  
  135  9:43  Nexus, Protoss Ground Weapons Level 1  
  135  9:44  Immortal  
  139  9:45  Pylon  
  139  9:47  Pylon  
  139  9:50  Photon Cannon  
  139  10:00  Templar Archives  
  139  10:21  Gateway  
  139  10:24  Gateway  
  139  10:30  Immortal  
  143  10:36  Stalker x4  
  143  10:37  Stalker x3  
  143  10:39  Sentry  
  159  10:47  Adept  
  161  10:52  Psionic Storm  
  161  10:54  Pylon  
  154  11:06  Probe  
  154  11:08  Probe x3  
  154  11:09  Photon Cannon  
  154  11:10  Photon Cannon  
  158  11:13  Immortal  
  158  11:17  Probe  
  162  11:19  High Templar x2  
  162  11:20  Probe x2  
  162  11:22  Stalker x2  
  173  11:27  Archon  
  173  11:37  Zealot x6  
  173  11:39  Probe  
  183  11:50  Nexus  
  183  11:52  Protoss Ground Weapons Level 2  
  159  12:00  Observer  
  146  12:03  Stalker  
  146  12:04  Stalker x3  
  154  12:11  High Templar x2  
  154  12:13  High Templar  
  160  12:15  High Templar  
  160  12:16  High Templar  
  160  12:17  High Templar  
  166  12:31  High Templar x3  
  166  12:32  High Templar  
  166  12:33  High Templar  
  145  13:22  Stalker, Immortal  
  145  13:23  Stalker x10  
  145  13:27  Assimilator  
  169  13:31  Assimilator  
  149  13:52  Protoss Ground Weapons Level 3  
  149  13:55  Adept x9  
  153  13:56  Adept x2  
  153  13:57  Probe x2  
  167  14:08  Immortal  
  171  14:12  Robotics Bay  
  171  14:27  Nexus  
  171  14:29  Pylon  
  165  14:40  Zealot  
  165  14:41  Zealot x6  
  168  14:48  Zealot x2  
  168  14:49  Zealot x2  
  170  14:52  Adept  
  170  14:53  Adept  
  172  15:05  Stalker  
  172  15:06  Stalker x3  
  176  15:42  Zealot  
  178  15:43  Zealot x10  
  178  15:47  Charge (Chrono Boost)  
  184  16:06  Robotics Facility  
  184  16:07  Pylon  
  184  16:09  Pylon  
  166  16:25  Stalker x8  
  160  16:26  Stalker x3  
  160  16:32  Probe x2  
  176  16:49  High Templar x5  
  176  16:50  High Templar x3  
  176  16:52  High Templar  
  194  16:55  Adept x2  
  194  16:58  Probe  
  194  16:59  Probe  
  200  17:01  Assimilator  
  200  17:05  Assimilator  
Tags
 
Add a new tag
Caveats
  • Supply blocks, unpowered buildings, or Contaminate may cause inaccurate times.
  • Supply counts are checked every 10 seconds.